 Dungeon Crawl Stone Soup version 0.32-a0-876-gcfddb08e57 (webtiles) character file.

Game seed: 14968077060602367996

174020 Bediveer the Warrior (level 17, -2/165 HPs)
             Began as a Mountain Dwarf Fighter on Apr 1, 2024.
             Was an Initiate of Gozag.
             Killed from afar by a naga warrior (13 damage)
             ... with a splash of poison
             ... on level 1 of the Snake Pit on Apr 2, 2024.
             The game lasted 00:53:06 (33153 turns).

Bediveer the Warrior (Mountain Dwarf Fighter)      Turns: 33153, Time: 00:53:06

Health: -2/165     AC: 38    Str: 27    XL:     17   Next: 44%
Magic:  17/17      EV:  8    Int: 15    God:    Gozag
Gold:   227        SH: 17    Dex:  9    Spells: 13/16 levels left

rFire   + + +        P - +11 flail of Truth {flame, Str+3}
rCold   + + +        v - +0 tower shield {rC+}
rNeg    . . .        D - +8 plate armour of Vanity {Will+}
rPois   .            m - +2 helmet
rElec   .            M - +2 cloak {rC+}
rCorr   .            W - +0 pair of gloves of the Hot Ocelot {rF+++ Int+3}
SInv    .            c - +1 pair of boots {rampage}
Will    ++...        V - amulet of Vitality {Regen++ RegenMP++} Stlth
                     J - ring of protection from cold
HPRegen 2.07/turn    g - +4 ring of slaying
MPRegen 0.95/turn

%: rampage
@: lethally poisoned (-2 -> -13), unable to call your familiar, hasted and
slowed, studying Summonings
A: runic magic, artefact enchanting
a: Renounce Religion, Potion Petition, Call Merchant, Bribe Branch


You were on level 1 of the Snake Pit.
You worshipped Gozag.
Gozag was aware of your devotion.
You visited 7 branches of the dungeon, and saw 28 of its levels.
You visited the Abyss 1 time.
You also visited: Ossuary, Ice Cave and Volcano.

You collected 10077 gold pieces.
You spent 2228 gold pieces at shops.
You paid 7622 gold pieces to Gozag.

Inventory:

Hand Weapons
 P - the +11 flail of Truth (weapon) {flame, Str+3}
   (You bought it in a shop on level 12 of the Dungeon)

   Str+3:     It affects your strength (+3).
Missiles
 j - 18 curare-tipped darts
 x - 3 throwing nets
 E - 37 poisoned darts
 N - 30 boomerangs
Armour
 c - a +1 pair of boots of rampaging (worn)
 m - a +2 helmet (worn)
 v - a +0 tower shield of cold resistance (worn)
 D - the +8 plate armour of Vanity (worn) {Will+}
   (You bought it in a shop on level 3 of the Elven Halls)

   Will+:     It increases your willpower.
 M - a +2 cloak of cold resistance (worn)
 W - the +0 pair of gloves of the Hot Ocelot (worn) {rF+++ Int+3}
   (You found it on level 2 of the Lair of Beasts)

   Int+3:     It affects your intelligence (+3).
   rF+++:     It renders you almost immune to fire.
Jewellery
 b - a ring of protection from cold
 g - a +4 ring of slaying (right hand)
 h - a ring of willpower
 J - a ring of protection from cold (left hand)
 V - the amulet of Vitality (around neck) {Regen++ RegenMP++}
   (You took it off a deep elf sorcerer on level 2 of the Elven Halls)

   [amulet of nothing]

   Regen++:   It increases your rate of health regeneration.
   RegenMP++: It increases your rate of magic regeneration.
 X - a +5 ring of evasion
Wands
 o - a wand of acid (9)
 s - a wand of paralysis (52)
 A - a wand of iceblast (9)
 L - a wand of digging (4)
 S - a wand of polymorph (10)
 T - a wand of mindburst (5)
 U - a wand of flame (23)
Scrolls
 a - 3 scrolls of immolation
 d - 2 scrolls of poison
 e - 2 scrolls of brand weapon
 i - 3 scrolls of fear
 q - 3 scrolls of fog
 y - 2 scrolls of teleportation
 z - 3 scrolls of torment
 B - 2 scrolls of silence
 F - 4 scrolls of enchant weapon
 K - 7 scrolls of identify
 O - a scroll of revelation
 Q - 3 scrolls of enchant armour
Potions
 f - 7 potions of lignification
 p - a potion of cancellation
 r - 13 potions of curing
 u - 2 potions of brilliance
 w - 2 potions of mutation
 C - 2 potions of magic


   Skills:
 - Level 18.2 Fighting
 - Level 16.0 Maces & Flails
 + Level 0.2 Throwing
 + Level 17.6 Armour
 - Level 8.0 Dodging
 * Level 14.9 Shields
 - Level 12.0 Summonings
 + Level 2.1 Evocations


You had 13 spell levels left.
You knew the following spells:

 Your Spells              Type           Power      Damage    Failure   Level
a - Call Canine Familiar  Summ           36%        N/A       1%          3

Your spell library contained the following spells:

 Spells                   Type           Power      Damage    Failure   Level
 Animate Armour           Summ/Erth      36%        N/A       61%         4
 Apportation              Tloc           0%         N/A       67%         1
 Kiss of Death            Conj/Necr      0%         2d5       67%         1
 Ensorcelled Hibernation  Hex/Ice        0%         N/A       80%         2
 Jinxbite                 Hex            0%         N/A       80%         2
 Summon Mana Viper        Hex/Summ       18%        N/A       91%         5
 Confusing Touch          Hex            0%         N/A       95%         3
 Fugue of the Fallen      Necr           0%         N/A       95%         3
 Inner Flame              Hex/Fire       0%         N/A       95%         3
 Sigil of Binding         Hex            0%         N/A       95%         3
 Stone Arrow              Conj/Erth      0%         3d7       95%         3
 Anguish                  Hex/Necr       0%         N/A       100%        4
 Dimensional Bullseye     Hex/Tloc       0%         N/A       100%        4
 Dispel Undead            Necr           0%         3d6       100%        4
 Ignite Poison            Fire/Alch      0%         N/A       100%        4
 Iskenderun's Mystic Bla Conj/Tloc 0%             2d3        (+2d1     100%        4
 Sticky Flame             Fire/Alch      0%         2d4       100%        4
 Alistair's Intoxication  Alch           0%         N/A       100%        5
 Irradiate                Conj/Alch      0%         3d11      100%        5
 Conjure Ball Lightning   Conj/Air       0%         3x3d6     100%        6
 Discord                  Hex            0%         N/A       100%        8
 Ignition                 Fire           0%         3d3       100%        8
 Lehudib's Crystal Spear  Conj/Erth      0%         10d2      100%        8
 Chain Lightning          Conj/Air       0%         N/A       100%        9


Dungeon Overview and Level Annotations

Branches:
Dungeon (15/15)            Temple (1/1) D:4            Lair (5/5) D:10
 Shoals (1/4) Lair:2        Snake (1/4) Lair:3        Slime (0/5) Lair:5
    Orc (2/2) D:12            Elf (3/3) Orc:2        Vaults (0/5) D:13
Ossuary (visited)           IceCv (visited)         Volcano (visited)
 Depths: D:15

Altars:
Ashenzari
Cheibriados
Dithmenos
Elyvilon
Fedhas
Gozag
Hepliaklqana
Kikubaaqudgha
Makhleb
Nemelex Xobeh
Okawaru
Qazlal
Ru
Sif Muna
Trog
Uskayaw
Vehumet
Wu Jian
Xom
Yredelemnul
Zin
The Shining One
Beogh
Jiyva

Shops:
D:3 :([!   D:8 (   D:10 (   D:12 (   Orc:2 ?!===(   Elf:2 *   Elf:3 *
Lair:3 (   Lair:5 (   Snake:1 !

Annotations:
D:4 1 runed translucent door, jasper's ghost, amateur MDBr
D:13 36 runed translucent doors
Elf:2 3 runed translucent doors
Elf:3 exclusion: orange crystal statue


Innate Abilities, Weirdness & Mutations

Your spellcasting is much less encumbered by armour.
You can use scrolls of enchantment on lesser artefacts.


Message History

You feel very sick.
The salamander no longer looks unusually strong.
Your inugami hits the naga warrior.
The salamander hits your inugami with a +0 halberd!
Your inugami is engulfed in flames!
Your inugami dies!
Your inugami disappears in a puff of smoke!
You feel yourself speed up.
You feel sick.
The naga warrior roars a battlecry!
The salamander goes into a battle-frenzy!
The naga warrior hits you but does no damage.
The salamander barely misses you.
You feel sick. The naga warrior spits poison at you.
The splash of poison hits you but does no damage.
You are more poisoned.
You have difficulty breathing.
* * * LOW HITPOINT WARNING * * *
You feel as though you will be slow longer.
The salamander attacks as it pursues you!
The salamander barely misses you.
You feel extremely sick.
The salamander attacks as it pursues you!
You block the salamander's attack.
You feel very sick.
You feel very sick.
You feel very sick.
You feel very sick.
The salamander attacks as it pursues you!
The salamander barely misses you.
You feel very sick.
You feel sick. The naga warrior spits poison at you.
The splash of poison hits you!
You are more poisoned.
You have difficulty breathing.
* * * LOW HITPOINT WARNING * * *
You feel as though you will be slow longer.
You die...
Your body crumbles into a pile of gold.

........................#
.......................##
.......................#
.......................#
............[)........##
.................[....#
..............[..<....##
.....).................#
................@......#
...(...................#
....................)..#
................N.(....#
.....................###
.....................#
...............N.....#
.....................##
......................#


You could see a naga warrior (curare, catching breath) and a salamander
(strong).

Vanquished Creatures
  2 deep elf master archers (Elf:3)
  2 deep elf blademasters (Elf:2)
  A tentacled starspawn (Abyss:1)
  Gastronok (D:11)
  Kirke (D:13)
  5 deep elf sorcerers
  An orc warlord (Elf:3)
  A deep elf elementalist (Elf:3)
  An elemental wellspring (Shoals:1)
  5 deep elf demonologists
  Nessos (Lair:5)
  2 deep elf death magi
  4 deep elf annihilators
  An entropy weaver (shapeshifter) (Elf:1)
  A deep elf high priest (Elf:3)
  A yaktaur captain (D:13)
  Erolcha (D:13)
  2 hydras
  A catoblepas (D:13)
  3 ogre magi (Orc:2)
  Erica (Lair:2)
  A merfolk avatar (Lair:5)
  5 centaur warriors
  4 boulder beetles
  4 two-headed ogres
  An anaconda (Lair:3)
  9 dancing weapons
  4 tengu warriors (D:12)
  2 thrashing horrors (Abyss:1)
  A shock serpent (Snake:1)
  Urug (Lair:4)
  2 orc high priests (Elf:3)
  2 naga sharpshooters (Snake:1)
  A naga warrior (Snake:1)
  A soul eater (Abyss:1)
  Nergalle (Orc:2)
  12 deep elf knights
  A wretched star (Abyss:1)
  Sonja (D:13)
  4 skysharks
  4 sea snakes
  2 sixfirhies (Abyss:1)
  2 cherubim (Elf:1)
  A death drake (Abyss:1)
  A bog body (IceCv)
  5 mana vipers
  6 thermic dynamos
  A naga ritualist (Snake:1)
  A lindwurm (shapeshifter) (Elf:1)
  4 obsidian bats (Orc:2)
  7 deep elf archers
  11 harpies
  13 deep elf zephyrmancers
  7 orc knights
  16 deep elf pyromancers
  4 ugly things
  A faun (shapeshifter) (Elf:1)
  2 large abominations (Abyss:1)
  8 manticores
  10 orc sorcerers
  2 oklob plants (Lair:5)
  2 cyclopes
  A salamander (Snake:1)
  A will-o-the-wisp (Abyss:1)
  5 elephants
  An ice statue (IceCv)
  A black mamba (shapeshifter) (Elf:1)
  10 black mambas
  3 kobold blastminers (Orc:2)
  14 cane toads
  2 naga magi (Snake:1)
  Joseph (D:7)
  A torpor snail (Lair:1)
  A gargoyle (D:12)
  2 cane toads (shapeshifter)
  5 smoke demons
  9 komodo dragons
  4 rime drakes
  2 yaktaurs (D:13)
  2 ancient zymes (Abyss:1)
  2 freezing wraiths
  3 tengu conjurers (D:14)
  A merfolk (Shoals:1)
  6 trolls
  6 polar bears
  28 blink frogs
  4 hornets
  3 snapping turtles
  A blink frog (shapeshifter) (D:14)
  A wind drake (Shoals:1)
  9 dream sheep
  Grinder (D:3)
  14 slime creatures
  A culicivora (shapeshifter) (Elf:1)
  A shadow (D:11)
  An air elemental (Elf:3)
  A centaur simulacrum (D:11)
  3 vampires
  A merfolk skeleton (Abyss:1)
  15 water elementals
  A wyvern (shapeshifter) (Elf:1)
  4 wyverns
  A wraith (D:11)
  A basilisk (Lair:4)
  41 yaks
  A ynoxinul (Abyss:1)
  Eustachio (D:5)
  A yak (shapeshifter) (Elf:2)
  2 wargs
  3 fire elementals
  3 hogs (D:13)
  A human (shapeshifter) (Elf:1)
  6 death yak simulacra (IceCv)
  A neqoxec (Abyss:1)
  4 steam dragons
  8 vampire mosquitoes
  Menkaure (Ossuary)
  7 nagas
  An acid dragon (D:14)
  15 water moccasins
  Duvessa (D:4)
  A hydra simulacrum (IceCv)
  2 black bears
  4 laughing skulls (Abyss:1)
  27 orc warriors
  5 ice beasts
  A black bear (shapeshifter) (D:13)
  4 small abominations (Abyss:1)
  An ogre (shapeshifter) (Abyss:1)
  9 ogres
  5 starcursed masses (Abyss:1)
  9 wolves
  2 centaurs
  2 phantoms (D:5)
  2 weeping skulls (Abyss:1)
  6 kobold brigands
  16 bullfrogs
  3 gnoll sergeants
  4 earth elementals
  5 two-headed ogre simulacra (IceCv)
  3 cane toad simulacra (IceCv)
  4 scorpions
  5 wights (D:8)
  Dowan (D:4)
  2 elephant simulacra (IceCv)
  5 howler monkeys
  4 electric eels (Lair:1)
  A quasit (Abyss:1)
  4 hounds
  A bombardier beetle (D:6)
  26 orc priests
  Crazy Yiuf (D:4)
  2 iguanas
  38 orc wizards
  Terence (D:2)
  2 polar bear simulacra (IceCv)
  A troll simulacrum (IceCv)
  4 spriggan simulacra (IceCv)
  2 wolf simulacra (IceCv)
  4 mummies
  Robin (D:2)
  15 gnolls
  10 adders
  5 naga simulacra (IceCv)
  A shadow imp (D:5)
  7 white imps
  10 ufetubi
  4 ribbon worms
  3 dart slugs
  82 orcs
  3 bats
  3 endoplasms (D:4)
  3 giant cockroaches
  7 goblins
  9 hobgoblins
  2 quokkas
  2 ball pythons (D:1)
  5 frilled lizards
  9 gnoll skeletons (Ossuary)
  2 gnoll zombies (Ossuary)
  8 goblin zombies
  4 hobgoblin skeletons (Ossuary)
  3 hobgoblin zombies (Ossuary)
  21 kobolds
  4 kobold skeletons (Ossuary)
  3 kobold zombies (Ossuary)
  4 orc skeletons (Ossuary)
  An orc zombie (Ossuary)
  2 rats
  4 rat skeletons (Ossuary)
  10 rat zombies (Ossuary)
  A butterfly (Lair:2)
  4 starspawn tentacles (Abyss:1)
947 creatures vanquished.

Vanquished Creatures (others)
  A deep elf knight (Elf:3)
  A bog body (IceCv)
  A deep elf zephyrmancer (Elf:3)
  An orc wizard (Orc:2)
  An ufetubus (IceCv)
  A starspawn tentacle (Abyss:1)
6 creatures vanquished.

Grand Total: 953 creatures vanquished

Notes
Turn   | Place    | Note
-------+----------+-------------------------------------------
     0 | D:1      | Bediveer the Mountain Dwarf Fighter began the quest for the
                  | Orb.
     0 | D:1      | Reached XP level 1. HP: 19/19 MP: 1/1
   615 | D:1      | Reached XP level 2. HP: 26/26 MP: 2/2
   875 | D:2      | Reached XP level 3. HP: 33/33 MP: 3/3
   917 | D:2      | Noticed Terence
   930 | D:2      | Killed Terence
   931 | D:2      | Reached skill level 4 in Fighting
  1048 | D:2      | Noticed Robin
  1068 | D:2      | Killed Robin
  1069 | D:2      | Reached XP level 4. HP: 30/40 MP: 4/4
  1560 | D:3      | Found a basalt altar of Yredelemnul.
  1568 | D:3      | Noticed Grinder
  1576 | D:3      | Paralysed by Grinder for 4 turns
  1593 | D:3      | Killed Grinder
  1594 | D:3      | Reached skill level 5 in Fighting
  1594 | D:3      | Reached XP level 5. HP: 48/48 MP: 5/5
  1594 | D:3      | Reached XP level 6. HP: 56/56 MP: 6/6
  1765 | D:3      | Found Qiotrell's Armour Shoppe.
  1895 | D:3      | Found Firion's Distillery.
  2079 | D:3      | Found Fitex's Weapon Shop.
  2260 | D:3      | Found Kom Vumm's Book Emporium.
  2316 | D:4      | Noticed Dowan
  2318 | D:4      | Noticed Duvessa
  2322 | D:4      | Killed Dowan
  2330 | D:4      | Killed Duvessa
  2380 | D:4      | Noticed jasper's ghost (amateur MDBr)
  2381 | D:4      | Found a runed translucent door.
  2407 | D:4      | Reached XP level 7. HP: 62/62 MP: 7/7
  2442 | D:4      | Found a sand-covered staircase.
  2449 | Ossuary  | Entered an ossuary
  2896 | Ossuary  | Noticed Menkaure
  2909 | Ossuary  | Killed Menkaure
  2910 | Ossuary  | Reached skill level 6 in Fighting
  3097 | D:4      | Found a staircase to the Ecumenical Temple.
  3123 | Temple   | Entered the Ecumenical Temple
  3140 | Temple   | Became a worshipper of Gozag Ym Sagoz the Greedy
  3525 | D:4      | Found a runed translucent door.
  3526 | D:4      | Noticed Crazy Yiuf
  3684 | D:5      | Entered Level 5 of the Dungeon
  3821 | D:5      | Noticed Eustachio
  3853 | D:5      | Killed Eustachio
  3854 | D:5      | Reached XP level 8. HP: 71/71 MP: 8/8
  4073 | D:5      | Reached skill level 7 in Fighting
  4187 | D:5      | Reached skill level 10 in Maces & Flails
  4959 | D:6      | Reached skill level 5 in Armour
  4959 | D:6      | Reached skill level 5 in Shields
  4959 | D:6      | Reached XP level 9. HP: 77/79 MP: 9/9
  5354 | D:6      | Found a shimmering altar of Xom.
  5807 | D:6      | Found a radiant altar of Vehumet.
  6239 | D:7      | Noticed Joseph
  6255 | D:7      | Killed Joseph
  6256 | D:7      | Reached skill level 8 in Fighting
  6527 | D:7      | Found a white marble altar of Elyvilon.
  6975 | D:4      | Killed Crazy Yiuf
  7089 | D:8      | Noticed a two-headed ogre
  7091 | D:8      | Noticed a two-headed ogre
  7100 | D:8      | Killed a two-headed ogre
  7101 | D:8      | Reached XP level 10. HP: 75/90 MP: 10/10
  7107 | D:8      | Killed a two-headed ogre
  7269 | D:8      | Found a hazy altar of Hepliaklqana.
  7269 | D:8      | Found an iron altar of Okawaru.
  7325 | D:8      | Reached skill level 9 in Fighting
  9083 | D:10     | Entered Level 10 of the Dungeon
  9083 | D:10     | Found a staircase to the Lair.
  9373 | D:10     | Paralysed by a hornet for 1 turns
  9491 | D:10     | Reached XP level 11. HP: 95/99 MP: 11/11
  9512 | D:10     | Identified a scroll of acquirement
  9512 | D:10     | Acquired a manual of Summonings
  9616 | D:11     | Noticed Gastronok
  9639 | D:11     | Killed Gastronok
  9712 | D:11     | Reached skill level 10 in Fighting
  9856 | D:11     | Found a frozen archway.
  9870 | IceCv    | Entered an ice cave
 10291 | IceCv    | Reached skill level 15 in Maces & Flails
 10414 | IceCv    | Noticed a bog body
 10415 | IceCv    | Noticed a bog body
 10427 | IceCv    | Killed a bog body
 10439 | IceCv    | Killed a bog body
 10776 | D:11     | Noticed a two-headed ogre
 10788 | D:11     | Killed a two-headed ogre
 10890 | D:11     | Reached skill level 11 in Fighting
 11883 | D:12     | Reached XP level 12. HP: 110/110 MP: 12/12
 11995 | D:12     | Bought an ivory flail for 289 gold pieces
 11995 | D:12     | Identified the +11 flail of Truth {flame, Str+3} (You
                  | bought it in a shop on level 12 of the Dungeon)
 12036 | D:12     | Noticed a centaur warrior
 12044 | D:12     | Killed a centaur warrior
 12045 | D:12     | Reached skill level 10 in Armour
 12352 | D:12     | Noticed a tengu warrior
 12354 | D:12     | Noticed a tengu warrior
 12361 | D:12     | Killed a tengu warrior
 12362 | D:12     | Reached skill level 12 in Fighting
 12363 | D:12     | Noticed a tengu warrior
 12365 | D:12     | Killed a tengu warrior
 12367 | D:12     | Noticed a tengu warrior
 12371 | D:12     | Killed a tengu warrior
 12393 | D:12     | Killed a tengu warrior
 12632 | D:12     | Reached skill level 13 in Fighting
 12656 | D:12     | Found a staircase to the Orcish Mines.
 12860 | D:12     | Learned a level 3 spell: Call Canine Familiar
 12947 | Lair:1   | Entered Level 1 of the Lair of Beasts
 12989 | Lair:1   | Reached skill level 1 in Summonings
 13042 | Lair:1   | Reached skill level 1 in Dodging
 13065 | Lair:1   | Reached XP level 13. HP: 96/122 MP: 13/13
 14065 | Lair:2   | Identified the +0 pair of gloves of the Hot Ocelot {rF+++
                  | Int+3}
 14265 | Lair:2   | Reached skill level 5 in Summonings
 14344 | Lair:2   | Noticed Erica
 14356 | Lair:2   | Killed Erica
 14703 | Lair:2   | Found a staircase to the Shoals.
 15003 | Lair:3   | Reached skill level 14 in Fighting
 15083 | Lair:3   | Found a staircase to the Snake Pit.
 15434 | Lair:3   | Identified the flux talisman "Narot" {+Blink SInv Stlth+}
 16156 | Lair:4   | Noticed Urug
 16168 | Lair:4   | Killed Urug
 16722 | Lair:5   | Entered Level 5 of the Lair of Beasts
 16743 | Lair:5   | Reached skill level 10 in Shields
 16743 | Lair:5   | Reached XP level 14. HP: 133/133 MP: 14/14
 16980 | Lair:5   | Noticed Nessos
 16999 | Lair:5   | Killed Nessos
 17194 | Lair:5   | Found a viscous altar of Jiyva.
 18025 | Lair:5   | Found a staircase to the Slime Pits.
 18331 | Orc:1    | Entered Level 1 of the Orcish Mines
 18736 | Orc:1    | Reached skill level 5 in Dodging
 18812 | Orc:1    | Found a dark tunnel.
 18821 | Volcano  | Entered a volcano
 18855 | Volcano  | Reached skill level 15 in Fighting
 19072 | Orc:2    | Entered Level 2 of the Orcish Mines
 19281 | Orc:2    | Reached skill level 10 in Summonings
 19362 | Orc:2    | Paralysed by an orc sorcerer for 2 turns
 19545 | Orc:2    | Found Cirezeto's Magic Scroll Emporium.
 19546 | Orc:2    | Found a staircase to the Elven Halls.
 19688 | Orc:2    | Found Kiloqij's Jewellery Emporium.
 19708 | Orc:2    | Found a radiant altar of Vehumet.
 19709 | Orc:2    | Paralysed by an orc sorcerer for 2 turns
 19724 | Orc:2    | Found Tugyucsi's Jewellery Emporium.
 19752 | Orc:2    | Noticed Nergalle
 19762 | Orc:2    | Killed Nergalle
 19771 | Orc:2    | Found an ancient bone altar of Kikubaaqudgha.
 19854 | Orc:2    | Found a roughly hewn altar of Beogh.
 19854 | Orc:2    | Found Oder Lann's Antique Weapon Emporium.
 19876 | Orc:2    | Found Keorr's Distillery.
 20535 | D:13     | Reached XP level 15. HP: 135/141 MP: 15/15
 20610 | D:13     | Found a huge runed translucent gate.
 20610 | D:13     | Found a huge runed translucent gate.
 20610 | D:13     | Found a huge runed translucent gate.
 20610 | D:13     | Found a huge runed translucent gate.
 20623 | D:13     | Noticed Erolcha
 20631 | D:13     | Killed Erolcha
 20634 | D:13     | Found a huge runed translucent gate.
 20635 | D:13     | Found a huge runed translucent gate.
 20635 | D:13     | Found a huge runed translucent gate.
 20635 | D:13     | Found a huge runed translucent gate.
 20636 | D:13     | Found a huge runed translucent gate.
 20637 | D:13     | Found a huge runed translucent gate.
 20638 | D:13     | Found a huge runed translucent gate.
 20638 | D:13     | Found a huge runed translucent gate.
 20639 | D:13     | Found a huge runed translucent gate.
 20639 | D:13     | Found a huge runed translucent gate.
 20640 | D:13     | Found a huge runed translucent gate.
 20640 | D:13     | Found a huge runed translucent gate.
 20648 | D:13     | Found a huge runed translucent gate.
 20648 | D:13     | Found a huge runed translucent gate.
 20648 | D:13     | Found a huge runed translucent gate.
 20649 | D:13     | Found a huge runed translucent gate.
 20650 | D:13     | Found a huge runed translucent gate.
 20651 | D:13     | Found a huge runed translucent gate.
 20652 | D:13     | Found a huge runed translucent gate.
 20653 | D:13     | Found a huge runed translucent gate.
 20653 | D:13     | Found a huge runed translucent gate.
 20658 | D:13     | Found a huge runed translucent gate.
 20659 | D:13     | Found a huge runed translucent gate.
 20659 | D:13     | Found a huge runed translucent gate.
 20659 | D:13     | Found a huge runed translucent gate.
 20659 | D:13     | Found a huge runed translucent gate.
 20661 | D:13     | Found a huge runed translucent gate.
 20662 | D:13     | Found a huge runed translucent gate.
 20663 | D:13     | Found a huge runed translucent gate.
 20663 | D:13     | Found a huge runed translucent gate.
 20668 | D:13     | Found a huge runed translucent gate.
 20669 | D:13     | Found a huge runed translucent gate.
 20754 | D:13     | Noticed Kirke
 20763 | D:13     | Killed Kirke
 21008 | D:13     | Noticed Sonja
 21012 | Abyss:1  | Cast into level 1 of the Abyss (Sonja)
 21122 | Abyss:1  | Paralysed by accursed screaming for 1 turns
 21788 | Abyss:1  | Noticed a tentacled starspawn
 21805 | Abyss:1  | Killed a tentacled starspawn
 21882 | D:13     | Escaped the Abyss
 21896 | D:13     | Found a gate to the Vaults.
 21907 | D:13     | Killed Sonja
 22216 | Orc:2    | Bought the amulet "Seaggyq" {Regen+ Dex+2 Stlth+} for 748
                  | gold pieces
 22549 | D:14     | You fall into a shaft and drop 1 floor!
 22549 | D:15     | Entered Level 15 of the Dungeon
 22846 | D:14     | Reached skill level 15 in Armour
 23270 | D:14     | Reached skill level 16 in Fighting
 23707 | Elf:1    | Entered Level 1 of the Elven Halls
 24493 | Elf:1    | Reached XP level 16. HP: 12/152 MP: 16/16
 24630 | Elf:1    | Got the Secrets of the Taurataur
 24777 | Elf:1    | Got the Tempter's Book of Forbidden Fruit
 25953 | Elf:2    | Found a runed translucent gate.
 25954 | Elf:2    | Found a runed translucent gate.
 25954 | Elf:2    | Found a runed translucent gate.
 26077 | Elf:2    | Noticed an Executioner
 26606 | Shoals:1 | Entered Level 1 of the Shoals
 26662 | Shoals:1 | Identified the +10 dire flail of Cocytus {protect, rElec
                  | Will+}
 27326 | Shoals:1 | HP: 10/231 [elemental wellspring/torrent of water (19)]
 28288 | Elf:2    | Reached skill level 17 in Fighting
 28483 | Elf:2    | Found Jibrog's General Store.
 28490 | Elf:2    | Bought 2 potions of curing for 84 gold pieces
 28490 | Elf:2    | Bought a scroll of teleportation for 42 gold pieces
 28792 | Elf:3    | Entered Level 3 of the Elven Halls
 29306 | Elf:3    | Paralysed by an air elemental for 1 turns
 30258 | Elf:3    | Reached XP level 17. HP: 108/162 MP: 17/17
 30713 | Elf:2    | Reached skill level 18 in Fighting
 30802 | Elf:3    | Noticed a deep elf master archer
 30810 | Elf:3    | Noticed a Hell Sentinel
 31054 | Elf:3    | Bought a fine plate armour for 840 gold pieces
 31054 | Elf:3    | Identified the +8 plate armour of Vanity {Will+} (You
                  | bought it in a shop on level 3 of the Elven Halls)
 31117 | Elf:3    | Killed a deep elf master archer
 31141 | Elf:3    | Noticed a deep elf master archer
 31172 | Elf:3    | Killed a deep elf master archer
 31174 | Elf:3    | HP: 8/163 [deep elf sorcerer/damnation (41)]
 31368 | Elf:3    | Noticed a Tzitzimitl
 31624 | Elf:3    | Bought a pair of embroidered boots for 225 gold pieces
 31713 | Elf:3    | Noticed a deep elf blademaster
 31715 | Elf:3    | Noticed a deep elf blademaster
 31749 | Elf:2    | Killed a deep elf blademaster
 31912 | Elf:2    | HP: 7/165 [deep elf blademaster/+0 rapier of venom (19)]
 31914 | Elf:2    | Killed a deep elf blademaster
 32349 | Snake:1  | Entered Level 1 of the Snake Pit
 32866 | Snake:1  | Reached skill level 1 in Evocations
 33106 | Snake:1  | Found Mear's Distillery.
 33153 | Snake:1  | Killed from afar by a naga warrior

Illustrated notes

Levels and vault maps discovered:
D:1:      erik_arrival_blinker_ship, layout_loops_ring, serial_rivers,
          chequers_serial_rivers_micro_d, chequers_serial_rivers_large_b,
          chequers_serial_rivers_marsh, chequers_serial_rivers_micro_b,
          chequers_serial_rivers_marsh, chequers_serial_rivers_small_3,
          minmay_stone_trees_small, hangedman_decor_lopped
D:2:      layout_loops_ring, uniq_robin, uniq_terence
D:3:      layout_basic, mainiacjoe_overflow_24_doors, serial_shops, shop,
          nicolae_shop_advertising_works [nicolae_subvault_shop_adworks],
          nicolae_shop_tiny_glass, shop, minmay_misc_feat_square, uniq_grinder
D:4:      layout_basic, minmay_temple_entry_grid,
          hellmonk_ghost_happy_afterlife, nicolae_ossuary_entry_giza,
          minivault_14, uniq_duvessa, uniq_crazy_yiuf_cottage
D:5:      layout_loops_corners, serial_co_window_serial, co_window_cross_1,
          co_window_of_opportunity_a, co_window_paths_b, co_window_paths_a,
          co_window_corner_a, co_window_2corner, co_window_broadway_b,
          co_window_cross_4, co_window_corner_b, co_window_corner_ca,
          co_window_broadway_b, glass_columns_a, glass_columns_a,
          glass_columns_a, uniq_eustachio
D:6:      layout_layer_cave, mainiacjoe_overflow_catwalk,
          general_overflow_altar, grunt_tough_drop
D:7:      layout_rooms, elyvilon_altar_3, uniq_joseph
D:8:      layout_basic, gammafunk_temple_overflow_wave, minmay_misc_feat_hallway
D:9:      layout_layer_cave
D:10:     layout_roguey, lair_entry_dummy
D:11:     layout_rooms, serial_ice, serial_ice_e, serial_ice_a, serial_ice_n,
          serial_ice_i, portal_ice_cave_entry_pillars_2, uniq_gastronok
D:12:     layout_irregular_city, kennysheep_orc_monster_closet_entryway,
          serial_ice, serial_ice_g, serial_ice_d, serial_ice_k, serial_ice_h,
          hangedman_aviary
D:13:     layout_rooms, david_vaults_2, door_vault, uniq_kirke, uniq_sonja,
          uniq_erolcha
D:14:     layout_roguey, nicolae_cairo_tiling_large, minmay_unpleasant_kobolds
D:15:     hellmonk_depths_entry_around_the_bend, layout_basic,
          nicolae_dithmenos_the_darkroom, uniq_jorgrun, uniq_rupert
Temple:   lightli_temple_of_artemis
Lair:1:   layout_big_grid, infiniplex_staircase_pool, grunt_megastairs_2,
          serial_bayou_shore_a
Lair:2:   layout_cave_pods, mainiacjoe_shoals_entry_four_pools,
          infiniplex_staircase_pool_2, lemuel_fruit_fields, uniq_erica
Lair:3:   layout_regular_city, guppyfry_snake_entry_garden, grunt_megastairs_3
Lair:4:   layout_gridlike, uniq_urug
Lair:5:   gammafunk_lair_ancient_temple, layout_cave_pods,
          minmay_slime_entry_oklob_open, grunt_megastairs_4, uniq_nessos
Shoals:1: layout_shoals, nicolae_shoals_raging_river
Snake:1:  layout_cave_shapes, serial_shops, nicolae_diamond_shop,
          nicolae_shop_getting_attention, nicolae_shop_tiny_waterfront
Orc:1:    layout_diamond_mine, enter_volcano_4
Orc:2:    kennysheep_orc_mage_school, layout_diamond_mine, serial_shops,
          nicolae_shop_competitors_out_of_business
Elf:1:    elf_arrival_002, layout_geoelf_grid, nicolae_elf_shapeshifter_party,
          pf_eden
Elf:2:    nicolae_elf_blades_crystal_corner, layout_gridlike, serial_glass,
          glass_columns_a, glass_columns_a, serial_shops, shop, st_stairs_5
Elf:3:    minmay_elf_hall_x, layout_geoelf_grid, special_room
          [special_room_orc], minmay_crystal_room, minivault_16

Skill      XL: |  1  2  3  4  5  6  7  8  9 10 11 12 13 14 15 16 17 |
---------------+----------------------------------------------------+-----
Maces & Flails | 3 4 6 7 9 10 12 13 16 | 16.0
Fighting       | 4 5 6 7 8 9 11 13 14 15 16 17 18 | 18.2
Armour         | 5 6 7 9 12 13 14 15 17 | 17.6
Shields        | 5 6 7 8 10 11 12 14 | 14.9
Summonings     | 2 7 10 12 | 12.0
Dodging        | 1 3 5 7 8 |  8.0
Evocations     | 2 |  2.1
Throwing       | |  0.2

Action                     |  1- 3 |  4- 6 |  7- 9 | 10-12 | 13-15 | 16-18 || total
---------------------------+-------+-------+-------+-------+-------+-------++-------
  Melee: Flail             |    70 |   138 |   684 |   317 |  1455 |   839 ||  3503
         Morningstar       |       |       |       |   514 |       |       ||   514
  Throw: Dart              |       |       |       |       |     2 |       ||     2
         Boomerang         |       |       |       |       |       |     6 ||     6
         Throwing net      |       |       |       |       |       |     3 ||     3
   Cast: Call Canine Famil |       |       |       |       |     3 |     1 ||     4
 Invoke: Call Merchant     |       |       |     1 |     2 |     3 |     1 ||     7
         Potion Petition   |       |       |       |       |       |     1 ||     1
  Evoke: Wand              |       |       |     3 |     3 |    14 |     4 ||    24
    Use: Scroll            |     4 |     1 |     6 |     8 |    11 |     4 ||    34
         Potion            |     1 |     1 |       |       |    11 |    12 ||    25
   Stab: Distracted        |       |       |     2 |     3 |     8 |       ||    13
         Invisible         |       |       |       |       |     1 |       ||     1
 Armour: Scale mail        |    83 |    33 |       |       |       |       ||   116
         Chain mail        |       |    71 |   469 |   813 |  1125 |   460 ||  2938
         Plate armour      |       |       |       |       |       |   160 ||   160
  Dodge: Dodged            |    47 |    49 |   172 |   289 |   545 |   207 ||  1309
  Block: Buckler           |    22 |    25 |   104 |   198 |   398 |    47 ||   794
         Tower shield      |       |       |       |       |       |   534 ||   534

Table legend: (Time is in decaauts)
 A = Elapsed time spent in this place.
 B = Non-inter-level travel time spent in this place.
 C = Inter-level travel time spent in this place.
 D = Time resting spent in this place.
 E = Time spent auto-exploring this place.
 F = Levels seen in this place.
 G = Mean time per level.
                   A        B        C        D        E       F      G
               +--------+--------+--------+--------+--------+-----+--------+
         Total |  32857 |  29543 |   3314 |   2764 |  19765 |  32 | 1026.8 |
       Dungeon |  13915 |  12482 |   1433 |    615 |   9257 |  15 |  927.7 |
        Temple |     34 |     12 |     22 |      0 |      0 |   1 |   34.0 |
          Lair |   5630 |   5092 |    538 |    185 |   3955 |   5 | 1126.0 |
        Shoals |   1500 |   1435 |     65 |      1 |   1047 |   1 | 1500.0 |
     Snake Pit |    624 |    595 |     29 |    204 |    158 |   1 |  624.0 |
  Orcish Mines |   2859 |   2091 |    768 |    256 |   1370 |   2 | 1429.5 |
   Elven Halls |   6098 |   5642 |    456 |   1085 |   3115 |   3 | 2032.7 |
         Abyss |    828 |    828 |      0 |    415 |    113 |   1 |  828.0 |
       Ossuary |    551 |    551 |      0 |      2 |    246 |   1 |  551.0 |
      Ice Cave |    764 |    764 |      0 |      0 |    489 |   1 |  764.0 |
       Volcano |     48 |     48 |      0 |      0 |     13 |   1 |   48.0 |
               +--------+--------+--------+--------+--------+-----+--------+

Top non-repeatable levels by time:
   Elf:2: 3096 daAuts
   Orc:2: 1952 daAuts
    D:12: 1659 daAuts
   Elf:1: 1535 daAuts
Shoals:1: 1500 daAuts
   Elf:3: 1466 daAuts
  Lair:5: 1426 daAuts
     D:6: 1379 daAuts
    D:11: 1342 daAuts
  Lair:2: 1275 daAuts
     D:9: 1271 daAuts
     D:5: 1144 daAuts
  Lair:3: 1082 daAuts
  Lair:1: 990 daAuts
     D:4: 924 daAuts
